 Dungeon Crawl Stone Soup version 0.30-a0-390-g80c34de65d (webtiles) character file.

Game seed: 17418068039188231025

574314 holysushi the Imperceptible (level 26, -1/189 HPs)
             Began as an Octopode Monk on Dec 4, 2022.
             Was an Initiate of Gozag.
             Slain by a stone giant (41 damage)
             ... summoned by a glowing orange brain
             ... while paralysed by a floating eye
             ... on level 2 of the Depths.
             The game lasted 02:37:58 (75452 turns).

holysushi the Imperceptible (Octopode Monk)        Turns: 75452, Time: 02:37:59

Health: -1/189     AC:  3    Str: 10 (12) XL:     26   Next: 45%
Magic:  34/34      EV:  2    Int: 22 (23) God:    Gozag
Gold:   12470      SH:  0    Dex: 66 (68) Spells: 29/47 levels left

rFire   + + .      SeeInvis +    Z - +9 quick blade (vamp)
rCold   + . .      Faith    .    V - +2 shield of Resistance {rF++ rC++ Will++}
rNeg    + + +      Spirit   .    q - +2 hat {Will+}
rPois   .          Reflect  .    X - amulet of Cocwugyi {rF- Regen+ Dex+6}
rElec   +          Harm     .    y - ring of the Three Gods {Int+3 Dex+4 SInv Stlth+}
rCorr   +          Rampage  .    I - +6 ring of dexterity
Will    ++++.      Rnd*Tele +    H - ring "Faps" {Str-2 Int+7 Dex+6 Stlth+} Stlth ****++++++
                                 Y - +6 ring of dexterity
HPRegen 1.31/turn                e - ring of Beogh's Esteem {Fire Contam rElec rN++ Str+2}
MPRegen 0.24/turn                T - +6 ring of dexterity
                                 a - ring "Put-Me-On" {rN+ rCorr Dex+4}
                                 M - +6 ring of dexterity

@: paralysed, studying 2 skills
A: almost no armour, amphibious, 8 rings, camouflage 1, gelatinous body 1,
(nimble swimmer 1), tentacles, deterioration 1, low MP 1, teleportitis 1, no
potion heal 1
}: 4/15 runes: serpentine, barnacled, slimy, silver
a: Renounce Religion, Potion Petition, Call Merchant, Bribe Branch


You were on level 2 of the Depths.
You worshipped Gozag.
Gozag was extremely pleased with you.
You visited 12 branches of the dungeon, and saw 51 of its levels.
You also visited: Ice Cave, Wizlab and Desolation.

You collected 26300 gold pieces.
You spent 10534 gold pieces at shops.
You paid 3296 gold pieces to Gozag.

Inventory:

Hand Weapons
 x - the +2 Maxwell's thermic engine {flame, freeze}
   (You found it in an ice cave)

   It burns those it strikes, dealing additional fire damage.
   Big, fiery blades are also staple armaments of hydra-hunters.
   It freezes those it strikes, dealing additional cold damage.
   It can also slow down cold-blooded creatures.
   It becomes more effective when it hits something.
   This effect fades over time.
 Z - a +9 vampiric quick blade (weapon)
Armour
 q - a +2 hat of willpower (worn)
 V - the +2 shield of Resistance (worn) {rF++ rC++ Will++}
   (You found it on level 3 of the Elven Halls)

   rF:        It greatly protects you from fire.
   rC:        It greatly protects you from cold.
   Will:      It greatly increases your willpower.
Jewellery
 a - the ring "Put-Me-On" (on tentacle) {rN+ rCorr Dex+4}
   (You acquired it on level 2 of the Shoals)

   [ring of resist corrosion]

   Dex:       It affects your dexterity (+4).
   rN:        It protects you from negative energy.
   rCorr:     It protects you from acid and corrosion.
 e - the ring of Beogh's Esteem (on tentacle) {Fire Contam rElec rN++ Str+2}
   (You found it on level 1 of the Vaults)

   [ring of fire]

   It enhances your fire magic.
   Str:       It affects your strength (+2).
   rF:        It protects you from fire.
   rC:        It makes you vulnerable to cold.
   rElec:     It insulates you from electricity.
   rN:        It greatly protects you from negative energy.
   Contam:    It causes magical contamination when unequipped.
 y - the ring of the Three Gods (left tentacle) {Int+3 Dex+4 SInv Stlth+}
   (You found it in the Desolation of Salt)

   [ring of see invisible]

   Int:       It affects your intelligence (+3).
   Dex:       It affects your dexterity (+4).
   SInv:      It lets you see invisible.
   Stlth:     It makes you more stealthy.
 z - the ring "Kuev" {Fly rPois rC+ Stlth+}
   (You found it in a wizard's laboratory)

   [ring of flight]

   rC:        It protects you from cold.
   rPois:     It protects you from poison.
   Fly:       It grants you flight.
   Stlth:     It makes you more stealthy.
 D - the dreamshard necklace {*Dream Drain}
   (You found it on level 5 of the Pits of Slime)

   [amulet of nothing]

   It shatters if its wearer takes lethal or near-lethal damage, preventing the
   blow and releasing protective dreams that heal and fight for the wearer.
   Drain:     It drains your maximum health when unequipped.
 H - the ring "Faps" (on tentacle) {Str-2 Int+7 Dex+6 Stlth+}
   (You bought it in a shop on level 4 of the Vaults)

   [ring of dexterity]

   Str:       It affects your strength (-2).
   Int:       It affects your intelligence (+7).
   Dex:       It affects your dexterity (+6).
   Stlth:     It makes you more stealthy.
 I - a +6 ring of dexterity (right tentacle)
 M - a +6 ring of dexterity (on tentacle)
 R - the ring of Koaph {rCorr Dex+3 Slay+2 Stlth-}
   (You found it on level 3 of the Crypt)

   [ring of resist corrosion]

   Dex:       It affects your dexterity (+3).
   Slay:      It affects your accuracy & damage with ranged weapons and melee
   (+2).
   rCorr:     It protects you from acid and corrosion.
   Stlth:     It makes you less stealthy.
 T - a +6 ring of dexterity (on tentacle)
 X - the amulet of Cocwugyi (around mantle) {rF- Regen+ Dex+6}
   (You took it off a deep elf annihilator on level 3 of the Elven Halls)

   [amulet of regeneration]

   Dex:       It affects your dexterity (+6).
   rF:        It makes you vulnerable to fire.
   Regen:     It increases your rate of health regeneration.
 Y - a +6 ring of dexterity (on tentacle)
Wands
 m - a wand of acid (22)
 B - a wand of digging (9)
 O - a wand of paralysis (32)
Scrolls
 b - 10 scrolls of vulnerability
 i - 7 scrolls of poison
 n - 6 scrolls of immolation
 r - a scroll of summoning
 s - 6 scrolls of butterflies
 t - 6 scrolls of magic mapping
 u - 6 scrolls of enchant armour
 v - 16 scrolls of teleportation
 E - 5 scrolls of enchant weapon
 L - 4 scrolls of silence
 P - 3 scrolls of blinking
 Q - 2 scrolls of brand weapon
 U - 8 scrolls of fear
Potions
 c - a potion of invisibility
 d - 8 potions of lignification
 f - 3 potions of brilliance
 g - 6 potions of ambrosia
 h - 6 potions of heal wounds
 j - a potion of attraction
 o - 3 potions of mutation
 p - 5 potions of flight
 w - 25 potions of curing
 A - 4 potions of cancellation
 C - 5 potions of magic
 F - 9 potions of might
 J - 11 potions of haste
 N - 5 potions of berserk rage
 S - 3 potions of resistance
Miscellaneous
 k - a phantom mirror
 l - a lightning rod (4/4)
 G - a phial of floods
 K - a box of beasts
 W - a condenser vane


   Skills:
 - Level 18.0 Fighting
 - Level 20.0 Short Blades
 + Level 21.7 Dodging
 - Level 23.2 Stealth
 - Level 18.0 Shields
 + Level 11.1 Spellcasting
 - Level 16.2 Necromancy
 + Level 5.2 Transmutations
 - Level 15.0 Evocations


You had 29 spell levels left.
You knew the following spells:

 Your Spells              Type           Power      Damage    Failure   Level
a - Death Channel         Necr           35%        N/A       1%          6
b - Dispel Undead         Necr           70%        3d24      1%          4
c - Necromutation         Tmut/Necr      28%        N/A       100%        8

Your spell library contained the following spells:

 Spells                   Type           Power      Damage    Failure   Level
 Necrotise                Necr           100%       1d9       0%          1
 Sublimation of Blood     Necr           70%        N/A       0%          2
 Beastly Appendage        Tmut           70%        N/A       1%          1
 Kiss of Death            Conj/Necr      100%       2d13      1%          1
 Cigotuvi's Dreadful Rot  Necr/Pois/Air  72%        N/A       1%          2
 Wereblood                Tmut           35%        N/A       1%          2
 Vampiric Draining        Necr           70%        2d11      1%          3
 Agony                    Necr           70%        N/A       1%          5
 Anguish                  Hex/Necr       23%        N/A       3%          4
 Passwall                 Tmut/Erth      19%        N/A       4%          2
 Magic Dart               Conj           48%        1d5       9%          1
 Shock                    Conj/Air       48%        1d6       9%          1
 Slow                     Hex            48%        N/A       9%          1
 Spider Form              Tmut/Pois      23%        N/A       9%          3
 Borgnjor's Vile Clutch   Necr/Erth      23%        N/A       9%          5
 Call Imp                 Summ           12%        N/A       12%         2
 Ensorcelled Hibernation  Hex/Ice        24%        N/A       12%         2
 Static Discharge         Conj/Air       24%        2-3/arc   12%         2
 Ignite Poison            Fire/Tmut/Pois 29%        N/A       12%         3
 Confusing Touch          Hex            12%        N/A       24%         3
 Frozen Ramparts          Ice            24%        1d4       24%         3
 Gell's Gravitas          Tloc           12%        N/A       24%         3
 Hailstorm                Conj/Ice       12%        3d5       24%         3
 Inner Flame              Hex/Fire       18%        N/A       24%         3
 Kindle Blastsparks       Fire/Tloc/Air  36%        2d13      24%         3
 Lesser Beckoning         Tloc           24%        N/A       24%         3
 Mephitic Cloud           Conj/Pois/Air  12%        N/A       24%         3
 Stone Arrow              Conj/Erth      24%        3d8       24%         3
 Swiftness                Air            12%        N/A       24%         3
 Teleport Other           Tloc           12%        N/A       24%         3
 Vhi's Electric Charge    Tloc/Air       24%        N/A       24%         3
 Ice Form                 Ice/Tmut       23%        N/A       28%         4
 Petrify                  Tmut/Erth      23%        N/A       28%         4
 Borgnjor's Revivificati  Necr           35%        N/A       56%         8
 Irradiate                Conj/Tmut      11%        3d15      61%         5
 Yara's Violent Unravell  Hex/Tmut       11%        3d6       61%         5
 Airstrike                Air            6%         2d(1-17)  63%         4
 Cause Fear               Hex            6%         N/A       63%         4
 Flame Wave               Conj/Fire      18%        2d7       63%         4
 Leda's Liquefaction      Hex/Erth       6%         N/A       63%         4
 Passage of Golubria      Tloc           12%        N/A       63%         4
 Sticky Flame             Conj/Fire      18%        2d4       63%         4
 Summon Ice Beast         Ice/Summ       12%        N/A       63%         4
 Arcjolt                  Conj/Air       6%         1d16      92%         5
 Fireball                 Conj/Fire      9%         3d6       92%         5
 Freezing Cloud           Conj/Ice/Air   6%         6-21      92%         5
 Iskenderun's Battlesphe  Conj           12%        2d7       92%         5
 Lee's Rapid Deconstruct  Erth           6%         3d6*      92%         5
 Lightning Bolt           Conj/Air       6%         1d18      92%         5
 Silence                  Hex/Air        6%         N/A       92%         5
 Summon Mana Viper        Hex/Summ       12%        N/A       92%         5
 Statue Form              Tmut/Erth      15%        N/A       99%         6
 Conjure Ball Lightning   Conj/Air       6%         3x3d6     100%        6
 Iron Shot                Conj/Erth      6%         9d2       100%        6
 Dragon Form              Tmut           17%        N/A       100%        7
 Enfeeble                 Hex            6%         N/A       100%        7
 Malign Gateway           Summ/Tloc      6%         N/A       100%        7
 Monstrous Menagerie      Summ           6%         N/A       100%        7
 Orb of Destruction       Conj           6%         9d6       100%        7
 Spellforged Servitor     Conj/Summ      6%         N/A       100%        7
 Discord                  Hex            6%         N/A       100%        8
 Ignition                 Fire           9%         3d5       100%        8
 Lehudib's Crystal Spear  Conj/Erth      6%         10d3      100%        8
 Summon Horrible Things   Summ           6%         N/A       100%        8
 Chain Lightning          Conj/Air       6%         3d8       100%        9
 Death's Door             Necr           35%        N/A       100%        9
 Dragon's Call            Summ           6%         N/A       100%        9
 Polar Vortex             Ice            6%         N/A       100%        9
 Simulacrum               Ice/Necr       Unusable   N/A       N/A         6
 Animate Armour           Summ/Erth      Unusable   N/A       N/A         4

Dungeon Overview and Level Annotations

Branches:
Dungeon (15/15) Zot: 25151  Temple (1/1) D:7 Zot: 5973    Lair (5/5) D:11 Zot: 20714
 Shoals (4/4) Lair:2 Zot: 19395   Snake (4/4) Lair:3 Zot: 14522   Slime (5/5) Lair:4 Zot: 26196
    Orc (2/2) D:9 Zot: 9494     Elf (3/3) Orc:2 Zot: 13655  Vaults (5/5) D:14 Zot: 22773
  Crypt (3/3) Vaults:2 Zot: 12862    Tomb (2/3) Crypt:3 Zot: 9965  Depths (2/4) D:15 Zot: 11064
  IceCv (visited)          WizLab (visited)         Desolation (visited)

Altars:
Ashenzari
Cheibriados
Dithmenos
Elyvilon
Fedhas
Gozag
Hepliaklqana
Kikubaaqudgha
Makhleb
Nemelex Xobeh
Okawaru
Qazlal
Ru
Sif Muna
Trog
Uskayaw
Vehumet
Wu Jian
Xom
Yredelemnul
Zin
The Shining One
Jiyva
Lugonu

Shops:
D:8 :   D:9 (   D:11 ?   D:12 :   D:13 *   D:14 [(   D:15 *   Orc:2 *:(?
Elf:3 ?::   Lair:1 *   Shoals:4 :   Snake:1 =(   Snake:2 ((=   Vaults:4 =
Vaults:5 [!:

Portals:
Hell: Depths:1
Abyss: Slime:4 Depths:1 Depths:2
Pandemonium: Depths:1

Annotations:
D:4 Blork the orc
D:5 p00ps00p's ghost, novice HOFi
D:6 2 transporters, SirDiesAlot's ghost, novice DgHu
D:9 exclusion: oklob sapling
D:13 exclusions: obsidian statue and orange crystal statue
Lair:4 exclusion: downstairs
Snake:2 3 runed translucent doors, Ciog's ghost, adept GrFi


Innate Abilities, Weirdness & Mutations

You cannot wear most types of armour.
You are amphibious.
You can wear up to eight rings at the same time.
Your skin changes colour to match your surroundings (Stealth+).
Your rubbery body absorbs attacks. (AC +1, EV +1)
((You are camouflaged when in or above water. (Stealth+)))
You have tentacles for arms and can constrict up to eight enemies at once.
Your body sometimes deteriorates upon taking damage.
Your magical capacity is low. (-10% MP)
You are occasionally teleported next to monsters.
Potions are less effective at restoring your health.


Message History

You fly downwards.
Found a plate armour and a wand of acid (3).
Found a stone staircase leading up.
There is a stone staircase leading up here.
There are monsters nearby!
There are monsters nearby!
You remove the ring "Kuev" {Fly rPois rC+ Stlth+}.
You float gracefully downwards.
You feel agile.
Y - a +6 ring of dexterity (on tentacle)
A stone giant comes into view.
The glowing orange brain pulsates.
The frost giant gestures at you while chanting.
The bolt of cold misses you.
The floating eye's stare focuses on you.
A cyan very ugly thing comes into view.
The spriggan berserker invokes Trog's protection!
The ettin completely misses you.
The ettin hits you with a +0 dire flail!
The vampire mage casts a spell at you. The bolt of negative energy misses you.
The floating eye gazes piercingly through you!
You suddenly lose the ability to move!
The ettin hits you with a +0 dire flail!
The ettin hits you with a +0 dire flail!!!
Your body deteriorates!
You feel weakened. The stone giant hits you!
You hear a shout!
The ettin hits you with a +0 dire flail!!
Your body deteriorates!
You feel clumsy.
The ettin hits you with a +0 dire flail!!
* * * LOW HITPOINT WARNING * * *
Your body deteriorates!
You feel weakened.
The vampire mage mumbles some strange words.
The frost giant points at you and mumbles some strange words.
The bolt of cold hits you! You resist.
* * * LOW HITPOINT WARNING * * *
The stone giant hits you!!!
You die...
Your body crumbles into a pile of gold.

#.....# #.....#
#.....#####
#...u......
#.......... ...
#..CG.z.... #...
#..CCVii... #..#
#..@CiG.... #..
.#####..W.......
#.
.......<........
#
..............<.
.#####..........
#..[......#
#........##
#./......#
#........#


You could see a frost giant (summoned), a cyan very ugly thing, 2 stone giants,
an ettin, a spriggan rider (summoned), a glowing orange brain, a vampire mage, a
shadow wraith (summoned, invisible), 2 spriggan berserkers, a flying skull
(summoned) and a floating eye (summoned).

Vanquished Creatures
  the Royal Jelly (Slime:5)
  2 ancient liches (Vaults:5)
  A dread lich (Vaults:5)
  Mennas (Vaults:4)
  6 royal mummies
  Saint Roka (Snake:3)
  Frederick (Crypt:3)
  Xtahua (Vaults:5)
  3 golden dragons (Vaults:5)
  The ghost of Jyejeiptew the Messenger, an adept HOMo of Beogh (Elf:2)
  Jory (Vaults:5)
  2 bone dragons
  A profane servitor (Crypt:3)
  Nikola (Vaults:1)
  A shard shrike zombie (Crypt:3)
  Mlioglotl (Snake:2)
  A Cloud Mage (WizLab)
  A lich (Crypt:3)
  4 tentacled monstrosities (Vaults:5)
  4 titans
  A deep elf blademaster (Elf:3)
  2 deep elf master archers (Elf:3)
  A quicksilver dragon (Vaults:5)
  15 acid blobs
  8 ancient champions
  Frances (Shoals:2)
  Kirke (Lair:3)
  2 shadow dragons (Vaults:5)
  11 sphinxes
  3 tengu reavers
  2 storm dragons (Vaults:5)
  Donald (Snake:4)
  6 revenants
  Ilsuiw (Shoals:2)
  2 fire giants (Vaults:5)
  7 rockslimes (Slime:5)
  5 azure jellies
  5 frost giants
  5 nagarajas (Snake:4)
  14 vault wardens
  2 deep elf sorcerers (Elf:3)
  2 imperial myrmidons (Desolation)
  5 curse skulls
  Aizul (Elf:2)
  18 ironbound preservers
  2 iron dragons (Vaults:5)
  5 deep elf elementalists
  A reaper (Crypt:2)
  3 orc warlords
  9 ironbound thunderhulks
  11 stone giants
  14 ghouls
  2 quicksilver oozes (Slime:5)
  3 war gargoyles
  20 very ugly things
  6 vampire knights
  6 bennus
  5 deep elf demonologists
  2 halazid warlocks (Desolation)
  6 deep elf annihilators
  The ghost of Kugou the Basher, a journeyman DsFi of Gozag (Lair:4)
  3 dire elephants
  4 spark wasps (WizLab)
  2 jiangshi (Crypt:1)
  10 eidola
  8 ettins
  5 crystal guardians
  10 mummy priests
  3 spriggan zombies (Crypt:3)
  6 merfolk impalers (Shoals:4)
  A great orb of eyes (shapeshifter) (Vaults:5)
  3 fire dragons
  5 ragged hierophants (Desolation)
  4 merfolk javelineers
  10 yaktaur captains
  15 great orbs of eyes
  3 deep elf high priests
  5 hydras
  3 servants of whispers (Desolation)
  37 vault guards
  A fenstrider witch zombie (Crypt:2)
  3 salamander tyrants (Snake:4)
  A hell beast (Depths:1)
  6 ironbound frosthearts
  4 rakshasas
  7 anacondas
  A merfolk avatar (Shoals:2)
  5 spriggan air magi
  An alligator snapping turtle (Shoals:2)
  A catoblepas (D:15)
  6 death knights
  7 ghost crabs (WizLab)
  18 centaur warriors
  2 ogre magi
  12 peacekeepers
  7 merfolk aquamancers
  10 two-headed ogres
  2 satyrs
  A two-headed ogre (shapeshifter) (Vaults:5)
  2 tengu warriors
  50 death scarabs
  4 boulder beetles
  8 death yaks
  5 orc high priests
  31 dancing weapons
  A deep troll shaman (Depths:1)
  19 naga warriors
  A spriggan berserker (Depths:1)
  2 vampire magi (Crypt:1)
  2 hell hogs (Depths:1)
  Urug (Lair:5)
  3 hell knights
  6 shock serpents
  A spriggan (Depths:1)
  A titan zombie (Crypt:3)
  3 soul eaters
  4 sun demons (Depths:1)
  14 naga sharpshooters
  16 deep elf knights
  An iron troll (Depths:1)
  A goliath frog (shapeshifter) (Vaults:5)
  A bunyip zombie (Crypt:3)
  2 salamander mystics
  29 skeletal warriors
  8 flayed ghosts
  31 deep trolls
  17 sea snakes
  An iron giant zombie (Crypt:1)
  A swamp dragon (Lair:5)
  A golden dragon zombie (Crypt:3)
  4 bog bodies
  16 ironbound convokers
  8 wizards
  An orange crystal statue (Shoals:1)
  2 anaconda zombies (Crypt:3)
  A sphinx zombie (Vaults:1)
  17 harpies
  5 deep elf archers (Elf:1)
  6 naga ritualists
  8 orc knights
  Pikel (D:5)
  32 phantasmal warriors
  15 lindwurms
  64 ugly things
  4 necromancers
  17 deep elf pyromancers
  18 deep elf zephyrmancers
  2 fire giant zombies
  4 fauns
  2 shining eyes
  5 orc sorcerers (Orc:2)
  15 salamanders
  A frost giant zombie (Vaults:1)
  6 mana vipers
  A human zombie (Vaults:2)
  A wolf spider (Crypt:3)
  16 manticores
  5 elephants (Lair:5)
  13 cyclopes
  A naga zombie (Crypt:1)
  6 merfolk sirens
  3 dire elephant zombies
  35 black mambas
  4 guardian serpents
  Joseph (D:8)
  A black mamba (shapeshifter) (Elf:2)
  4 water nymphs (Shoals:4)
  3 smoke demons (Depths:1)
  3 torpor snails
  2 orange demons (Elf:1)
  2 ice statues (IceCv)
  21 vault sentinels
  2 gargoyles (D:12)
  An eye of devastation (Slime:5)
  A minotaur zombie (Crypt:1)
  19 naga magi
  A dire elephant skeleton (Crypt:1)
  A swamp worm zombie (Crypt:1)
  14 cane toads
  A molten gargoyle (Desolation)
  34 yaktaurs
  Maggie (D:8)
  An efreet (D:15)
  10 freezing wraiths
  A sea snake zombie (Crypt:2)
  A death yak zombie (Crypt:2)
  11 rime drakes
  3 tengu conjurers
  A redback zombie (Crypt:1)
  7 komodo dragons
  A bunyip simulacrum (Crypt:1)
  22 guardian mummies
  A kobold demonologist (D:8)
  5 ice devils (IceCv)
  A yellow draconian skeleton (Crypt:2)
  A red devil (Depths:1)
  A queen bee (shapeshifter) (Elf:2)
  5 trolls
  3 meliai (D:15)
  A death yak skeleton (Crypt:1)
  A tyrant leech (shapeshifter) (Vaults:5)
  5 polar bears
  4 hornets
  Grinder (D:4)
  26 merfolk
  6 wind drakes
  18 blink frogs
  93 slime creatures
  A raiju (shapeshifter) (D:14)
  43 saltlings
  A merfolk zombie (Crypt:3)
  6 snapping turtles
  A human simulacrum (Vaults:2)
  2 ettin zombies
  A stone giant simulacrum (Vaults:2)
  5 dream sheep
  12 air elementals
  A spriggan (shapeshifter) (Elf:1)
  2 jumping spiders (shapeshifter) (D:14)
  3 jumping spiders (Crypt:3)
  A shadow (D:10)
  12 water elementals
  An elf zombie (Vaults:2)
  A fire elemental (Elf:1)
  29 flying skulls
  A wind drake zombie (Crypt:1)
  3 wyverns
  45 yaks
  A fire dragon skeleton (Crypt:2)
  9 wraiths
  3 ushabtiu
  A vampire (D:10)
  Grum (D:8)
  2 golden eyes
  3 basilisks
  5 redbacks (Crypt:3)
  2 hogs (Lair:3)
  2 steam dragons
  5 vampire mosquitoes (D:14)
  Menkaure (D:6)
  37 nagas
  A warg (Orc:2)
  A harpy simulacrum (IceCv)
  A swamp worm (shapeshifter) (D:15)
  A glowing shapeshifter zombie (Vaults:2)
  3 hydra simulacra (IceCv)
  6 acid dragons
  15 water moccasins
  An ice beast (D:5)
  21 orc warriors
  6 ogres
  3 black bears
  13 centaurs
  An elephant zombie (Crypt:1)
  6 boggarts
  5 large abominations (Elf:2)
  8 small abominations
  12 wolves
  A lemure (D:4)
  A manticore skeleton (Crypt:1)
  2 phantoms
  A kobold brigand (D:9)
  4 earth elementals
  A gnoll sergeant (D:8)
  17 necrophages
  12 bullfrogs
  6 scorpions
  A cane toad simulacrum (IceCv)
  An elf skeleton (Crypt:2)
  14 wights
  7 wyvern skeletons (Crypt:3)
  3 killer bees (D:10)
  A raiju skeleton (Crypt:2)
  8 electric eels
  5 howler monkeys
  A troll skeleton (Crypt:2)
  7 hounds
  11 orc priests
  2 jellies
  9 iguanas
  4 hell rats (Lair:5)
  26 orc wizards
  A statue (D:8)
  A wolf simulacrum (IceCv)
  A hound skeleton (Crypt:2)
  43 mummies
  Robin (D:1)
  8 gnolls
  3 naga simulacra (IceCv)
  8 adders
  A white imp (D:6)
  A dart slug (D:3)
  62 orcs
  11 ball pythons
  16 endoplasms
  2 giant cockroaches
  11 hobgoblins
  14 jackals
  4 quokkas
  7 bats
  A frilled lizard (D:2)
  16 goblins
  8 kobolds
  A kobold zombie (Crypt:1)
  5 rats
  A bush (D:9)
  2 butterflies (Lair:5)
2153 creatures vanquished.

Vanquished Creatures (collateral kills)
  Dissolution (Slime:2)
  A deep elf blademaster (Elf:3)
  An acid blob (Slime:4)
  An azure jelly (Slime:2)
  2 deep elf sorcerers (Elf:3)
  A deep elf elementalist (Elf:3)
  A quicksilver ooze (Slime:2)
  A deep elf demonologist (Elf:3)
  A deep elf death mage (Elf:3)
  A shock serpent (WizLab)
  A deep elf zephyrmancer (Elf:3)
  An apocalypse crab (WizLab)
13 creatures vanquished.

Vanquished Creatures (others)
  A merfolk aquamancer (Shoals:4)
  A deep elf pyromancer (Elf:1)
  A guardian serpent (Desolation)
  An air elemental (WizLab)
  A fire elemental (Elf:2)
  A water elemental (Elf:1)
  A human (Lair:4)
  A butterfly (Lair:4)
  40 fungi
  2 lurking horrors (Slime:4)
  128 plants
  7 withered plants
185 creatures vanquished.

Grand Total: 2351 creatures vanquished

Notes
Turn   | Place    | Note
-------+----------+-------------------------------------------
     0 | D:1      | holysushi the Octopode Monk began the quest for the Orb.
     0 | D:1      | Reached XP level 1. HP: 16/16 MP: 1/1
   239 | D:1      | Reached XP level 2. HP: 21/21 MP: 2/2
   940 | D:2      | Reached XP level 3. HP: 26/26 MP: 3/3
   969 | D:2      | Noticed Robin
  1399 | D:1      | Killed Robin
  1400 | D:1      | Reached XP level 4. HP: 20/31 MP: 4/4
  1484 | D:2      | Reached skill level 5 in Short Blades
  1769 | D:2      | Found a white marble altar of Elyvilon.
  2360 | D:3      | Reached XP level 5. HP: 36/36 MP: 5/5
  2468 | D:3      | Found a faded altar of an unknown god.
  2552 | D:3      | You fall into a shaft and drop 3 floors!
  2562 | D:6      | Noticed a black bear
  2571 | D:6      | Killed a black bear
  2572 | D:6      | Reached XP level 6. HP: 42/42 MP: 6/6
  2580 | D:5      | Entered Level 5 of the Dungeon
  2847 | D:4      | Noticed Grinder
  2906 | D:4      | Killed Grinder
  2907 | D:4      | Reached XP level 7. HP: 46/46 MP: 7/7
  3094 | D:3      | Found an ornate altar of the Wu Jian Council.
  3344 | D:4      | Reached skill level 3 in Stealth
  3476 | D:4      | Noticed Blork the orc
  3523 | D:3      | Reached skill level 1 in Shields
  3898 | D:4      | Reached skill level 4 in Stealth
  4225 | D:4      | Found a hide-covered altar of Uskayaw.
  4515 | D:5      | Reached XP level 8. HP: 52/52 MP: 8/8
  4559 | D:5      | Reached skill level 5 in Stealth
  4994 | D:5      | Noticed Pikel
  5043 | D:5      | Killed Pikel
  5044 | D:5      | Reached XP level 9. HP: 24/58 MP: 9/9
  5247 | D:5      | Found a runed translucent door.
  5247 | D:5      | Noticed p00ps00p's ghost (novice HOFi)
  5561 | D:6      | Reached skill level 10 in Short Blades
  5896 | D:6      | Reached skill level 5 in Dodging
  5970 | D:6      | Noticed a troll
  5973 | D:6      | Killed a troll
  5974 | D:6      | Reached skill level 5 in Evocations
  6055 | D:6      | Noticed a queen bee
  6060 | D:6      | Found a transporter.
  6064 | D:6      | Found a transporter.
  6065 | D:6      | Noticed SirDiesAlot's ghost (novice DgHu)
  6156 | D:6      | Noticed Menkaure
  6161 | D:6      | Killed Menkaure
  6185 | D:6      | Found a broken altar of Ashenzari.
  6197 | D:6      | Found a sparkling altar of Nemelex Xobeh.
  6229 | D:6      | Found a shimmering altar of Xom.
  6244 | D:6      | Found a glowing silver altar of Zin.
  6829 | D:7      | Reached XP level 10. HP: 52/63 MP: 10/10
  6909 | D:7      | Found a staircase to the Ecumenical Temple.
  6972 | Temple   | Entered the Ecumenical Temple
  6989 | Temple   | Became a worshipper of Gozag Ym Sagoz the Greedy
  7324 | D:8      | Noticed Maggie
  7407 | D:8      | Killed Maggie
  7479 | D:8      | Noticed Grum
  7498 | D:8      | Noticed a manticore
  7501 | D:8      | Killed Grum
  7501 | D:8      | HP: 3/65 [manticore/volley of spikes (15)]
  7506 | D:8      | Killed a manticore
  7507 | D:8      | Reached skill level 5 in Fighting
  7516 | D:8      | Noticed Joseph
  7523 | D:8      | Killed Joseph
  7920 | D:8      | Found Hatius's Book Shoppe.
  8295 | D:8      | Found a radiant altar of Vehumet.
  8635 | D:9      | Found a staircase to the Orcish Mines.
  8760 | D:9      | Identified the +7 halberd of Muodav {flame, Will+ rCorr
                  | Dex+4}
  9215 | D:5      | Identified the +3 rapier "Tugraec" {speed, Int+2}
  9314 | D:9      | Noticed a kobold demonologist
  9317 | D:9      | Noticed an orange demon
  9588 | D:9      | Noticed an orange demon
  9595 | D:8      | Killed a kobold demonologist
  9753 | D:9      | Reached XP level 11. HP: 72/72 MP: 11/11
 10015 | D:9      | Found Vebb's Antique Weapon Emporium.
 10261 | D:9      | Reached skill level 5 in Shields
 10487 | D:10     | Entered Level 10 of the Dungeon
 10615 | D:10     | Noticed a two-headed ogre
 10635 | D:10     | Killed a two-headed ogre
 11401 | D:11     | Noticed a boulder beetle
 11431 | D:11     | Noticed a boulder beetle
 11658 | D:11     | Killed a boulder beetle
 11855 | D:11     | Found Gafyock's Magic Scroll Shoppe.
 11861 | D:11     | Bought a scroll of brand weapon for 142 gold pieces
 11861 | D:11     | Bought a scroll of teleportation for 45 gold pieces
 11861 | D:11     | Bought a scroll of fear for 60 gold pieces
 11861 | D:11     | Bought a scroll of blinking for 112 gold pieces
 11861 | D:11     | Bought a scroll of blinking for 112 gold pieces
 11861 | D:11     | Bought a scroll of magic mapping for 112 gold pieces
 11861 | D:11     | Bought a scroll of identify for 30 gold pieces
 11892 | D:11     | Found a staircase to the Lair.
 12043 | D:11     | Killed a boulder beetle
 12481 | D:11     | Noticed a cyan ugly thing
 12491 | D:11     | Killed a cyan ugly thing
 12544 | D:11     | HP: 1/73 [large slime creature (30)]
 12980 | Lair:1   | Entered Level 1 of the Lair of Beasts
 13069 | Lair:1   | Reached skill level 6 in Stealth
 13254 | Lair:1   | Found a frozen archway.
 13264 | Lair:1   | Reached XP level 12. HP: 79/80 MP: 12/12
 13273 | IceCv    | Entered an ice cave
 13366 | IceCv    | Reached skill level 7 in Stealth
 15258 | IceCv    | Found the +2 Maxwell's thermic engine {flame, freeze}
 15324 | IceCv    | Reached skill level 8 in Stealth
 15449 | IceCv    | Identified a scroll of acquirement
 15450 | IceCv    | Acquired 1010 gold pieces
 15643 | IceCv    | Reached skill level 9 in Stealth
 15763 | Lair:1   | Bought a potion of experience for 700 gold pieces
 15763 | Lair:1   | Bought a wand of paralysis (6) for 201 gold pieces
 15763 | Lair:1   | Reached skill level 10 in Dodging
 15763 | Lair:1   | Reached XP level 13. HP: 88/88 MP: 13/13
 15812 | Lair:1   | Reached skill level 10 in Stealth
 16229 | Lair:1   | Bought a potion of curing for 42 gold pieces
 17258 | Lair:2   | Reached skill level 10 in Fighting
 17961 | Lair:2   | Reached XP level 14. HP: 99/99 MP: 14/14
 18203 | Lair:2   | Found a staircase to the Shoals.
 18825 | Lair:3   | Found a staircase to the Snake Pit.
 18838 | Lair:3   | Reached skill level 10 in Shields
 20087 | Lair:4   | Noticed Kirke
 20432 | Lair:3   | Killed Kirke
 20865 | Lair:4   | Found a staircase to the Slime Pits.
 20866 | Lair:4   | Found a viscous altar of Jiyva.
 20960 | Lair:4   | Reached skill level 11 in Stealth
 21124 | Lair:4   | Found a runed translucent door.
 21128 | Lair:4   | Noticed Kugou's ghost (journeyman DsFi)
 21658 | Lair:5   | Entered Level 5 of the Lair of Beasts
 22519 | Lair:5   | Identified the +6 flail "Quubodgh" {flame, rF+}
 23234 | Lair:5   | Noticed a dire elephant
 23415 | Orc:1    | Entered Level 1 of the Orcish Mines
 23435 | Orc:1    | Reached skill level 12 in Stealth
 23631 | Orc:2    | Entered Level 2 of the Orcish Mines
 23675 | Orc:1    | Found a burning altar of Makhleb.
 24403 | Orc:2    | Found a staircase to the Elven Halls.
 24455 | Orc:2    | Reached skill level 13 in Stealth
 24455 | Orc:2    | Reached XP level 15. HP: 106/106 MP: 15/15
 24575 | Orc:2    | Found Zesk's Magic Scroll Boutique.
 24609 | Orc:2    | Reached skill level 14 in Stealth
 25433 | Orc:2    | Reached skill level 15 in Stealth
 25463 | Orc:2    | Found Luotaxt's Book Emporium.
 25467 | Orc:2    | Found Echico's Assorted Antiques.
 25471 | Orc:2    | Found Xeifaup's Weapon Boutique.
 25679 | Orc:2    | Bought a scroll of identify for 28 gold pieces
 25679 | Orc:2    | Bought a scroll of blinking for 105 gold pieces
 25679 | Orc:2    | Bought a scroll of enchant weapon for 105 gold pieces
 25679 | Orc:2    | Bought a scroll of teleportation for 42 gold pieces
 25689 | Orc:2    | Bought a condenser vane for 1680 gold pieces
 25689 | Orc:2    | Bought 2 scrolls of identify for 168 gold pieces
 25689 | Orc:2    | Bought a potion of haste for 420 gold pieces
 25689 | Orc:2    | Bought a wand of mindburst (8) for 470 gold pieces
 25949 | Snake:1  | Entered Level 1 of the Snake Pit
 26020 | Snake:1  | Identified the +0 long sword of Louwarphu {spect, rElec
                  | Will+ Dex-4}
 27395 | Snake:1  | Found Asoihaih's Antique Weapon Boutique.
 28378 | Snake:2  | Found Qiusera's Antique Weapon Emporium.
 28527 | Snake:2  | Noticed Mlioglotl
 28527 | Snake:2  | You fall into a shaft and drop 1 floor!
 29034 | Snake:3  | Identified the +5 ring mail "Demerch" {rN+ Str+5 Dex+2}
 29689 | Snake:3  | Reached XP level 16. HP: 114/114 MP: 16/16
 30287 | Snake:2  | Found Jeisea Ross's Weapon Shoppe.
 30298 | Snake:2  | Found a runed translucent gate.
 30299 | Snake:2  | Found a runed translucent gate.
 30300 | Snake:2  | Found a runed translucent gate.
 30303 | Snake:2  | Noticed Ciog's ghost (adept GrFi)
 30351 | Snake:1  | Bought the amulet of the Barnacle {Reflect SH+5 Stlth+} for
                  | 477 gold pieces
 30396 | Snake:2  | Killed Mlioglotl
 31099 | Snake:2  | Found Fuclegir's Jewellery Emporium.
 31442 | Snake:2  | Found a shimmering altar of Xom.
 32560 | Snake:4  | Entered Level 4 of the Snake Pit
 32582 | Snake:4  | Noticed Donald
 32590 | Snake:4  | Killed Donald
 32977 | Snake:2  | Bought a +4 ring of evasion for 612 gold pieces
 33434 | Snake:4  | Noticed a nagaraja
 33513 | Snake:4  | Killed a nagaraja
 33849 | Lair:5   | Reached skill level 10 in Evocations
 33859 | Lair:5   | Noticed Urug
 33880 | Lair:5   | Killed Urug
 33903 | Lair:5   | Acquired a +4 vampiric quick blade
 35186 | Shoals:1 | Entered Level 1 of the Shoals
 35189 | Shoals:1 | Found a transporter.
 35358 | Shoals:1 | Found a transporter.
 36080 | Snake:1  | Bought the ring "Kesej" {rF+ Int+2} for 434 gold pieces
 36080 | Snake:1  | Bought the ring of Xaenuhent {rPois rCorr} for 374 gold
                  | pieces
 36080 | Snake:1  | Bought a ring of see invisible for 180 gold pieces
 36292 | Shoals:2 | Noticed Ilsuiw
 36356 | Shoals:2 | Acquired the ring "Put-Me-On" {rN+ rCorr Dex+4}
 36407 | Shoals:2 | Reached XP level 17. HP: 123/123 MP: 17/17
 36590 | Shoals:2 | Killed Ilsuiw
 36867 | Shoals:2 | Noticed Frances
 36889 | Shoals:2 | Killed Frances
 37782 | Shoals:3 | Noticed a titan
 37935 | Shoals:3 | Killed a titan
 38444 | Shoals:4 | Entered Level 4 of the Shoals
 38445 | Shoals:4 | Found Illef's Book Shop.
 39450 | Shoals:4 | Reached skill level 15 in Dodging
 40070 | Shoals:4 | Got a barnacled rune of Zot
 40204 | Shoals:4 | Identified the +4 flail "Suid" {speed, *Corrode rPois Will+
                  | Dex+4}
 40540 | Snake:4  | Noticed Saint Roka
 40887 | Snake:4  | Reached XP level 18. HP: 131/132 MP: 18/18
 40940 | Snake:3  | Killed Saint Roka
 41951 | Snake:4  | Reached skill level 15 in Fighting
 41953 | Snake:4  | Reached skill level 15 in Shields
 42555 | Snake:4  | Got a serpentine rune of Zot
 43157 | D:12     | Reached skill level 15 in Evocations
 43587 | D:12     | Found Keyxusan's Book Shop.
 43837 | D:13     | Found Vifuadogo's Specific Store.
 43837 | D:13     | Found Uworuc's General Store.
 43846 | D:13     | Bought a scroll of acquirement for 780 gold pieces
 43846 | D:13     | Acquired 866 gold pieces
 43854 | D:13     | Bought a scroll of teleportation for 45 gold pieces
 44235 | D:14     | Found a stormy altar of Qazlal.
 44345 | D:14     | Found Nuorom's Weapon Shop.
 44547 | D:14     | Found a gate to the Vaults.
 44832 | D:14     | Found Zuneusa's Specialty Armours.
 45132 | D:15     | Entered Level 15 of the Dungeon
 45163 | D:15     | Reached XP level 19. HP: 139/139 MP: 19/19
 45326 | D:15     | Found Urru's General Store.
 45390 | D:15     | Bought a scroll of magic mapping for 112 gold pieces
 45792 | D:15     | Found a staircase to the Depths.
 46060 | D:15     | Found a snail-covered altar of Cheibriados.
 46700 | Elf:1    | Entered Level 1 of the Elven Halls
 46738 | Elf:1    | Found a crumbling gateway.
 46756 | Desolati | Entered the Desolation of Salt
 47508 | Desolati | Identified the +9 shortbow of the Lesser Evil {flame,
                  | Int+8}
 47514 | Desolati | Identified the amulet "Lujyban" {rC+ Regen+ Str+2 Dex+3}
 47591 | Desolati | Identified the +0 plate armour of Objectivity {rC+ Int+4}
 47880 | Desolati | Identified the ring of Ykuip {Ice *Slow Will++ Str+6}
 47989 | Desolati | Identified the +9 lajatang of Demand {venom, rF+ rC+}
 47996 | Desolati | Identified the +1 plate armour "Koder" {Int+4}
 48012 | Desolati | Identified the ring "Inytounn" {Contam rPois rC+ Stlth+}
 48714 | Desolati | Identified the ring of Jabeich {Fly rC- rN+ Int+6}
 48898 | Desolati | Identified the ring of the Three Gods {Int+3 Dex+4 SInv
                  | Stlth+}
 48904 | Desolati | Identified the +5 broad axe "Weupsau" {vamp, Dex+4 Stlth+}
 50491 | Elf:2    | Reached XP level 20. HP: 150/150 MP: 20/20
 50557 | Elf:2    | Found a runed translucent gate.
 50608 | Elf:2    | Found a runed translucent gate.
 50609 | Elf:2    | Found a runed translucent gate.
 51551 | Elf:2    | Noticed Aizul
 51578 | Elf:2    | Killed Aizul
 52102 | Elf:3    | Entered Level 3 of the Elven Halls
 52149 | Elf:3    | Found Dysylafi's Magic Scroll Shop.
 52151 | Elf:3    | Found Icosept's Book Boutique.
 52153 | Elf:3    | Found Ojeskeips's Book Shop.
 52157 | Elf:3    | Bought 2 scrolls of blinking for 210 gold pieces
 52157 | Elf:3    | Bought a scroll of teleportation for 42 gold pieces
 52157 | Elf:3    | Bought a scroll of teleportation for 42 gold pieces
 52157 | Elf:3    | Bought a scroll of teleportation for 42 gold pieces
 52180 | Elf:3    | Noticed Jyejeiptew's ghost (adept HOMo)
 52183 | Elf:3    | Found a runed translucent door.
 52314 | Elf:2    | Killed Jyejeiptew's ghost
 52942 | Elf:3    | Noticed a Tzitzimitl
 53201 | Elf:3    | Identified the +3 rapier "Transmigrator" {spect, Dex+4}
 53231 | Elf:3    | Identified the +1 robe of Devotion {rC++ Dex+5 Slay+3}
 53243 | Elf:3    | Got the Textbook on Excavation
 53256 | Elf:3    | Identified the amulet of Cocwugyi {rF- Regen+ Dex+6}
 53271 | Elf:3    | Found the +2 shield of Resistance {rF++ rC++ Will++}
 53314 | Elf:3    | Identified the +7 sling "Usudopei" {flame, rC+ rN+ Will+}
 53379 | Elf:3    | Identified the +3 chain mail of Weim {Fly rPois rC+ rCorr}
 53400 | Elf:3    | Identified the +6 chain mail "Eziedof" {Will- Regen+ Int+7
                  | Stlth+}
 53401 | Elf:3    | Identified the +4 hand axe of the Forsaken Seas {antimagic,
                  | rElec}
 53405 | Elf:3    | Identified the +7 sling "Oqasatua" {vorpal, Will+}
 54100 | Vaults:1 | Entered Level 1 of the Vaults
 54211 | Vaults:1 | Identified the ring of Beogh's Esteem {Fire Contam rElec
                  | rN++ Str+2}
 54239 | Vaults:1 | Noticed Nikola
 54290 | Vaults:1 | Killed Nikola
 54291 | Vaults:1 | Reached XP level 21. HP: 159/159 MP: 21/21
 55123 | Vaults:1 | Reached skill level 16 in Stealth
 55179 | Vaults:1 | Reached skill level 15 in Short Blades
 55700 | Vaults:2 | Acquired a manual of Short Blades
 55873 | Vaults:2 | Found a magical portal.
 55895 | WizLab   | Entered The Chambers of the Cloud Mage
 56173 | WizLab   | Paralysed by you for 4 turns
 56193 | WizLab   | Reached skill level 17 in Stealth
 56539 | WizLab   | Got the Essays on the Tempest
 56540 | WizLab   | Identified the ring "Kuev" {Fly rPois rC+ Stlth+}
 56606 | Vaults:2 | Upgraded the game from 0.30-a0-389-g8d7d949f56 to
                  | 0.30-a0-390-g80c34de65d
 57215 | Vaults:2 | Noticed a bone dragon
 57217 | Vaults:2 | Found a staircase to the Crypt.
 57219 | Vaults:2 | Killed a bone dragon
 57799 | Crypt:1  | Entered Level 1 of the Crypt
 57905 | Crypt:1  | Reached XP level 22. HP: 165/165 MP: 22/22
 58339 | Crypt:1  | Reached skill level 18 in Stealth
 58965 | Crypt:1  | You fall into a shaft and drop 1 floor!
 59114 | Crypt:2  | Identified the +5 rapier of Nuisuat {drain, rC+ rN+ Str-2
                  | Int+2 Stlth+}
 59122 | Crypt:2  | Identified the +4 great mace of Iggual {vorpal, Drain
                  | +Blink rPois rC++}
 59373 | Crypt:1  | Found a basalt altar of Yredelemnul.
 60058 | Crypt:3  | Entered Level 3 of the Crypt
 60155 | Crypt:1  | Reached skill level 19 in Stealth
 60261 | Crypt:1  | Found the +3 giant club "Skullcrusher" {speed, Str+7}
 61097 | Crypt:3  | Noticed Frederick
 61114 | Crypt:3  | Killed Frederick
 61206 | Crypt:3  | Reached skill level 20 in Stealth
 61512 | Crypt:3  | Found a staircase to the Tomb.
 62139 | Crypt:3  | Reached XP level 23. HP: 171/171 MP: 23/23
 62196 | Crypt:3  | Found a basalt altar of Yredelemnul.
 62349 | Crypt:3  | Found the +13 scythe of Curses {drain, Drain}
 62366 | Crypt:3  | Found the +8 trishula "Condemnation" {holy, anguish, *Noise
                  | Fly rN+}
 63121 | Crypt:3  | Identified the ring of Koaph {rCorr Dex+3 Slay+2 Stlth-}
 63610 | Vaults:3 | Reached skill level 21 in Stealth
 65360 | Vaults:4 | Reached skill level 22 in Stealth
 65453 | Vaults:4 | Identified the +1 hat of Eternal Vigilance {rElec Str+3
                  | Int+2 Slay-2}
 65454 | Vaults:4 | Noticed Mennas
 65461 | Vaults:4 | Killed Mennas
 66007 | Vaults:4 | Identified the +11 hand axe "Vicidd" {vorpal, rF+ Str+2
                  | Int-2 Dex+10}
 66095 | Vaults:4 | Learned a level 6 spell: Death Channel
 66095 | Vaults:4 | Bought the ring "Faps" {Str-2 Int+7 Dex+6 Stlth+} for 1238
                  | gold pieces
 66117 | Vaults:5 | Entered Level 5 of the Vaults
 66145 | Vaults:4 | Reached skill level 1 in Necromancy
 66178 | Vaults:4 | Reached skill level 1 in Spellcasting
 66220 | Vaults:4 | Reached XP level 24. HP: 177/177 MP: 17/25
 66456 | Vaults:4 | Reached skill level 5 in Necromancy
 66614 | Vaults:5 | Noticed Xtahua
 66686 | Vaults:5 | Killed Xtahua
 66781 | Vaults:5 | Noticed a dread lich
 66785 | Vaults:5 | Noticed an ancient lich
 66789 | Vaults:5 | Killed a dread lich
 66805 | Vaults:5 | Killed an ancient lich
 66839 | Vaults:5 | Noticed Jory
 66870 | Vaults:5 | Reached skill level 5 in Spellcasting
 67430 | Vaults:5 | Killed Jory
 67431 | Vaults:5 | Noticed an ancient lich
 67456 | Vaults:5 | Killed an ancient lich
 67476 | Vaults:5 | Reached skill level 10 in Necromancy
 67859 | Vaults:5 | Found Rauthool's Antique Armour Emporium.
 67867 | Vaults:5 | Found Rigewnatz's Distillery.
 67941 | Vaults:5 | Reached XP level 25. HP: 99/183 MP: 33/33
 68188 | Vaults:5 | Found Maly's Book Shop.
 68272 | Vaults:5 | Bought a runed hat for 203 gold pieces
 68296 | Vaults:5 | Bought a potion of invisibility for 168 gold pieces
 68296 | Vaults:5 | Bought a potion of heal wounds for 105 gold pieces
 68296 | Vaults:5 | Bought a potion of haste for 210 gold pieces
 68296 | Vaults:5 | Bought a potion of curing for 63 gold pieces
 68296 | Vaults:5 | Bought a potion of curing for 63 gold pieces
 68305 | Vaults:5 | Got a silver rune of Zot
 68751 | Vaults:5 | Identified the +1 dagger of Modesty {speed, Drain +Blink
                  | Str+2 Int+3}
 69075 | Slime:1  | Entered Level 1 of the Pits of Slime
 69079 | Slime:2  | Noticed Dissolution
 69091 | Slime:2  | Paralysed by a floating eye for 3 turns
 69103 | Slime:2  | Gained mutation: You are vulnerable to cold. (rC-) [a
                  | shining eye]
 69105 | Slime:2  | Killed Dissolution
 69362 | Slime:2  | Lost mutation: You are vulnerable to cold. (rC-) [potion of
                  | mutation]
 69362 | Slime:2  | Gained mutation: You have hidden genetic potential. [potion
                  | of mutation]
 69362 | Slime:2  | Gained mutation: You possess an exceptional clarity of
                  | mind. [potion of mutation]
 69362 | Slime:2  | Gained mutation: You are clumsy. (Dex -2) [potion of
                  | mutation]
 69363 | Slime:2  | Lost mutation: You possess an exceptional clarity of mind.
                  | [potion of mutation]
 69363 | Slime:2  | Lost mutation: You are clumsy. (Dex -2) [potion of
                  | mutation]
 69363 | Slime:2  | Gained mutation: You occasionally lose the ability to drink
                  | potions when taking damage. [potion of mutation]
 69363 | Slime:2  | Gained mutation: Your skin blends seamlessly with your
                  | surroundings (Stealth++). [potion of mutation]
 69363 | Slime:2  | Gained mutation: Your flesh is heat resistant. (rF+)
                  | [potion of mutation]
 69364 | Slime:2  | Lost mutation: Your skin blends seamlessly with your
                  | surroundings (Stealth++). [potion of mutation]
 69364 | Slime:2  | Lost mutation: You have hidden genetic potential. [potion
                  | of mutation]
 69364 | Slime:2  | Gained mutation: You are partially covered in iridescent
                  | scales. (AC +2) [potion of mutation]
 69364 | Slime:2  | Gained mutation: You are agile. (Dex +4, Str/Int -1)
                  | [potion of mutation]
 69597 | Slime:5  | Entered Level 5 of the Pits of Slime
 69861 | Slime:5  | Noticed the Royal Jelly
 69949 | Slime:4  | Found a one-way gate to the infinite horrors of the Abyss.
 69950 | Slime:4  | Found a corrupted altar of Lugonu.
 70053 | Slime:5  | Found a viscous altar of Jiyva.
 70056 | Slime:5  | Found the dreamshard necklace {*Dream Drain}
 70211 | Slime:5  | Killed the Royal Jelly
 70402 | Slime:5  | Got a slimy rune of Zot
 70538 | Slime:5  | Identified the +0 ring mail "Ecvay" {Will+ Str+4}
 70707 | Lair:4   | Killed Kugou's ghost
 71088 | Tomb:1   | Entered Level 1 of the Tomb of the Ancients
 71568 | Tomb:1   | Noticed a royal mummy
 71584 | Tomb:1   | Noticed a royal mummy
 71616 | Tomb:1   | Killed a royal mummy
 71843 | Tomb:1   | Killed a royal mummy
 72120 | Tomb:1   | Learned a level 4 spell: Dispel Undead
 72468 | Tomb:2   | Noticed a royal mummy
 72471 | Tomb:2   | Noticed a royal mummy
 72491 | Tomb:2   | Gained mutation: You occasionally lose the ability to read
                  | scrolls when taking damage. [mutagenic glow]
 72502 | Tomb:2   | Killed a royal mummy
 72518 | Tomb:2   | Gained mutation: You occasionally shout uncontrollably at
                  | your foes. [mutagenic glow]
 72542 | Tomb:2   | Lost mutation: You occasionally shout uncontrollably at
                  | your foes. [potion of mutation]
 72542 | Tomb:2   | Lost mutation: You are partially covered in iridescent
                  | scales. (AC +2) [potion of mutation]
 72542 | Tomb:2   | Lost mutation: You are agile. (Dex +4, Str/Int -1) [potion
                  | of mutation]
 72542 | Tomb:2   | Lost mutation: Your flesh is heat resistant. (rF+) [potion
                  | of mutation]
 72542 | Tomb:2   | Gained mutation: Your body sometimes deteriorates upon
                  | taking damage. [potion of mutation]
 72542 | Tomb:2   | Gained mutation: You are robust. (+10% HP) [potion of
                  | mutation]
 72543 | Tomb:2   | Lost mutation: You are robust. (+10% HP) [potion of
                  | mutation]
 72543 | Tomb:2   | Lost mutation: You occasionally lose the ability to drink
                  | potions when taking damage. [potion of mutation]
 72543 | Tomb:2   | Lost mutation: You occasionally lose the ability to read
                  | scrolls when taking damage. [potion of mutation]
 72543 | Tomb:2   | Gained mutation: Potions are less effective at restoring
                  | your health. [potion of mutation]
 72543 | Tomb:2   | Gained mutation: You are occasionally teleported next to
                  | monsters. [potion of mutation]
 72549 | Tomb:2   | Reached skill level 15 in Necromancy
 72561 | Tomb:2   | Noticed a royal mummy
 72571 | Tomb:2   | Gained mutation: Your magical capacity is low. (-10% MP)
                  | [mutagenic glow]
 72581 | Tomb:2   | Reached skill level 10 in Spellcasting
 72618 | Tomb:2   | Killed a royal mummy
 72631 | Tomb:2   | Noticed a royal mummy
 72677 | Tomb:2   | Killed a royal mummy
 72685 | Tomb:2   | Reached XP level 26. HP: 54/189 MP: 33/33
 72809 | Tomb:2   | Reached skill level 23 in Stealth
 72837 | Tomb:2   | HP: 4/189 [emperor scorpion[a royal mummy] (28)]
 72988 | Tomb:2   | Killed a royal mummy
 73475 | Tomb:1   | Noticed a royal mummy
 73475 | Tomb:1   | Noticed a royal mummy
 73475 | Tomb:1   | Noticed a royal mummy
 73475 | Tomb:1   | Noticed a royal mummy
 73476 | Tomb:1   | Noticed a royal mummy
 73970 | Elf:3    | Bought a Necronomicon for 560 gold pieces
 73980 | Elf:3    | Learned a level 8 spell: Necromutation
 74277 | Depths:1 | Entered Level 1 of the Depths
 74313 | Depths:1 | Reached skill level 1 in Transmutations
 74529 | Depths:1 | You fall into a shaft and drop 1 floor!
 74874 | Depths:1 | Found a gateway to Hell.
 75044 | Depths:1 | Reached skill level 5 in Transmutations
 75131 | Depths:1 | Found a one-way gate leading to the halls of Pandemonium.
 75325 | Depths:1 | Found a corrupted altar of Lugonu.
 75450 | Depths:2 | Paralysed by a floating eye for 4 turns
 75452 | Depths:2 | Slain by a stone giant

Illustrated notes

Levels and vault maps discovered:
D:1:      dpeg_arrival_signposts, layout_loops_ring, serial_bayou_pond_a
D:2:      layout_basic, basic_altar, uniq_robin
D:3:      layout_loops_ring, marbit_many_paths, basic_ecumenical_altar,
          glass_columns_c, kennysheep_another_room, kennysheep_cross_bottleneck,
          kennysheep_generic_room_9
D:4:      layout_layer_cave, lemuel_round_altar, uniq_blork_the_orc,
          uniq_grinder
D:5:      layout_cave_pools, ebering_ghost_inner_flame, uniq_pikel
D:6:      layout_rooms, nicolae_overflow_quartered_altars, gammafunk_ghost_hive,
          nrook_campfire, minivault_14, minmay_manual_macuahuitl, uniq_menkaure
D:7:      layout_cave_pools, minmay_temple_entry_stoned_glass
D:8:      layout_layer_cave, vehumet_statue, serial_shops, nicolae_shop_trees,
          uniq_maggie, uniq_joseph, uniq_grum
D:9:      layout_basic, orc_0_dummy, serial_shops, nicolae_shop_trees,
          introduction_to_nature_2
D:10:     layout_basic, grunt_decor_fettered
D:11:     layout_basic, david_lair_shrubbed, serial_shops, kennysheep_little_box
D:12:     layout_basic, serial_shops, shop
D:13:     minmay_separated_statues, layout_rooms, nicolae_specific_store,
          minmay_misc_feat_pillars
D:14:     layout_gridville, lightli_vaults_fourway_checkpoint, serial_shops,
          nicolae_shop_bloodbath_and_beyond, nicolae_qazlal_scattered_showers,
          nicolae_barding_shop
D:15:     gammafunk_enter_depths_forms, layout_irregular_city,
          roderic_lattice_a, serial_shops, shop, cheibriados_altar_2
Temple:   hellmonk_temple_two_chambers
Lair:1:   layout_misc_corridors, portal_ice_cave_rime
Lair:2:   cheibrodos_lair_river_kwai, layout_hall_layers,
          elwin_shoals_entry_stream, serial_rivers,
          chequers_serial_rivers_small_a, chequers_serial_rivers_room_a,
          chequers_serial_rivers_micro_a, chequers_serial_rivers_micro_c,
          chequers_serial_rivers_small_b
Lair:3:   layout_layer_cave, minmay_snake_entry_guardpost_small
Lair:4:   layout_cellular_growth, slime_entry_1, ebering_ghost_reflecting_pool,
          serial_bayou_ford_a, lemuel_fruit_fields, uniq_kirke
Lair:5:   guppyfry_lair_end_dragon, layout_layer_cave, hangedman_lair_in_review,
          lemuel_fruit_fields, uniq_urug
Shoals:1: gammafunk_sealed_arena, layout_shoals
Shoals:2: layout_shoals, uniq_frances, uniq_ilsuiw
Shoals:3: layout_shoals, st_sunken_temple
Shoals:4: shoals_end_grunt_ice, layout_shoals, serial_shops,
          nicolae_shop_crystal, nicolae_shoals_land_atoll,
          nicolae_shoals_aquamancer_cove
Snake:1:  layout_chambers, serial_shops, shop, serial_bayou_lake_a,
          grunt_megastairs_1
Snake:2:  layout_rooms, serial_shops, nicolae_shop_crystal,
          nicolae_shop_crystal, nicolae_shop_trees, basic_altar,
          gammafunk_ghost_split, st_stairs_1, grunt_ministairs_9, uniq_mlioglotl
Snake:3:  layout_cave_town
Snake:4:  snake_pit, layout_misc_corridors, grunt_megastairs_5, uniq_saint_roka,
          uniq_donald
Slime:1:  layout_caves, special_room [special_room_jelly]
Slime:2:  layout_caves, basic_altar, dissolution_awaits
Slime:3:  layout_caves
Slime:4:  layout_caves, amcnicky_altar_lugonu_corruption
Slime:5
Orc:1:    layout_caves, basic_altar, bloody_makhleb
Orc:2:    st_orc_elflike, layout_caves
Elf:1:    eino_elf_arrival_sip, layout_onion_city, portal_desolation_entry_salt,
          evilmike_minifort, einodemon_barbed_minivault
Elf:2:    nicolae_elf_blades_crystal_corner, layout_gridlike, laboratory,
          uniq_aizul
Elf:3:    grunt_elf_hall_diamonds, layout_geoelf_grid,
          hellmonk_ghost_happy_afterlife, drop_trap, minmay_shop_star
Vaults:1: ontoclasm_vaults_decontamination, v_alt_pattern_3, vaults_room_pools,
          v_alt_pattern_2, nicolae_vaults_big_angled_halls,
          ontoclasm_vaults_ligature, vaults_room_pools,
          hangedman_vaults_stagger, nicolae_vaults_c_with_doors,
          vaults_dpeg_emergency_exit, grunt_vaults_funnel, v_misc_18,
          hangedman_vaults_variations, hangedman_vaults_maws,
          layout_vaults_maze, uniq_nikola
Vaults:2: lightli_enter_wizlab_magi_temple, v_misc_1,
          nicolae_vaults_network_quincunx
          [nicolae_vaults_network_quincunx_subvault,
          nicolae_vaults_network_quincunx_subvault,
          nicolae_vaults_network_quincunx_subvault,
          nicolae_vaults_network_quincunx_subvault,
          nicolae_vaults_network_quincunx_subvault],
          minmay_crypt_entry_nasty_monster, v_misc_14,
          nicolae_vaults_windows_and_doors_thing, v_misc_27,
          hangedman_vaults_hat, nicolae_vaults_stairing_the_circle,
          nicolae_vaults_asterisk, ontoclasm_vaults_tryst,
          vaults_room_stairs_pillars, vaults_dpeg_hooks,
          nicolae_vaults_little_squares_1, ontoclasm_vaults_ring_small,
          layout_vaults_omnibox
Vaults:3: nicolae_vaults_little_squares_3, ontoclasm_vaults_ring_small,
          nicolae_vaults_puzzle_piece, v_misc_24, hangedman_vaults_slice,
          vaults_room_grid, hangedman_vaults_trim, ontoclasm_vaults_chip,
          v_misc_8, st_squares, v_pattern_3, layout_vaults_chaotic_city
Vaults:4: nicolae_vaults_hallways_thing, hangedman_vaults_river_flow,
          dpeg_vaults_hating_casters, hangedman_vaults_pinch,
          grunt_vaults_diagonal, v_misc_11, v_misc_17,
          hangedman_vaults_capsules, ontoclasm_vaults_gateway,
          layout_vaults_omnicross, uniq_margery, uniq_mennas
Vaults:5: uniq_xtahua, uniq_jory
Crypt:1:  layout_regular_city, minmay_guarded_unrand_skullcrusher,
          lemuel_upstairs_altar, grunt_crypt_arrival_split, grunt_megastairs_2
Crypt:2:  hangedman_hall_of_fallen_heroes, layout_gridlike, grunt_megastairs_3,
          uniq_grunn
Crypt:3:  evilmike_haunted_forest, uniq_frederick
Tomb:1
Tomb:2
Depths:1: layout_forbidden_donut, abyss_entry_flame_altar, pan_entry,
          hellmouth_3, minivault_1, minmay_tree_intersection,
          kennysheep_generic_room_11
Depths:2: evilmike_makhleb_hellhole, layout_long_grid, pf_hell_entry_great_geh,
          doesnt_xom_only_xom, minmay_room_of_horrors, rand_demon_pan_entry_9,
          nrook_uturn, minmay_hollow_rounded_squares, minmay_shop_grove,
          infiniplex_staircase_x

Skill      XL: |  1  2  3  4  5  6  7  8  9 10 11 12 13 14 15 16 17 18 19 20 21 22 23 24 25 26 |
---------------+-------------------------------------------------------------------------------+-----
Short Blades   | 4 5 6 7 8 9 11 12 13 14 16 18 20 | 20.0
Stealth        | 4 5 6 9 10 13 15 17 20 22 23 | 23.2
Shields        | 2 4 5 8 11 12 13 14 15 16 18 | 18.0
Fighting       | 4 6 8 10 11 12 13 14 15 16 18 | 18.0
Dodging        | 4 5 6 10 12 14 15 16 18 19 20 21 | 21.7
Evocations     | 3 5 6 7 8 10 12 15 | 15.0
Necromancy     | 2 11 15 16 | 16.2
Spellcasting   | 1 7 10 11 | 11.1
Transmutations | 5 |  5.2

Action                   |  1- 3 |  4- 6 |  7- 9 | 10-12 | 13-15 | 16-18 | 19-21 | 22-24 | 25-27 || total
-------------------------+-------+-------+-------+-------+-------+-------+-------+-------+-------++-------
Melee: Short sword       |    96 |   110 |   234 |   134 |       |       |       |       |       ||   574
       Tentacles         |    19 |    16 |    59 |   232 |   457 |   974 |   995 |  1358 |   740 ||  4850
       Constrict         |    24 |    28 |    31 |    61 |   117 |   175 |   243 |   204 |   136 ||  1019
       Punch             |     1 |     2 |     4 |    16 |    29 |    49 |    65 |    83 |    48 ||   297
       Rapier            |       |       |       |   613 |  1313 |   335 |       |       |       ||  2261
       Unarmed           |       |       |       |       |     3 |       |       |       |       ||     3
       Quick blade       |       |       |       |       |       |  2080 |  2230 |  2838 |  1517 ||  8665
 Cast: Dispel Undead     |       |       |       |       |       |       |       |       |    13 ||    13
       Death Channel     |       |       |       |       |       |       |       |       |     2 ||     2
Invok: Call Merchant     |       |       |       |     1 |     1 |       |       |     1 |       ||     3
       Potion Petition   |       |       |       |       |       |       |       |       |     4 ||     4
Evoke: Wand              |       |       |     6 |    51 |    21 |    14 |     2 |     2 |     2 ||    98
       Phial of floods   |       |       |       |     1 |     1 |     1 |     2 |       |     1 ||     6
       Condenser vane    |       |       |       |       |     1 |     1 |     2 |       |     1 ||     5
       Lightning rod     |       |       |       |       |       |       |     6 |       |     1 ||     7
       Phantom mirror    |       |       |       |       |       |       |     2 |       |     1 ||     3
       Box of beasts     |       |       |       |       |       |       |     1 |       |     3 ||     4
  Use: Scroll            |     5 |     3 |     4 |    23 |     5 |    14 |     5 |       |    15 ||    74
       Potion            |     2 |     1 |     5 |     8 |     1 |     4 |     2 |     1 |    12 ||    36
 Stab: Sleeping          |    10 |     9 |    22 |    22 |    47 |    58 |   102 |   134 |    18 ||   422
       Distracted        |     1 |     2 |       |     2 |    17 |    39 |    40 |    69 |    49 ||   219
       Paralysed         |       |       |     1 |     4 |     1 |     3 |       |       |     1 ||    10
       Betrayed ally     |       |       |       |       |       |       |       |       |     1 ||     1
Armor: Skin              |     9 |     1 |     2 |    12 |     6 |     5 |     4 |       |     6 ||    45
Dodge: Dodged            |    95 |    63 |    46 |   161 |   309 |   539 |   616 |   956 |   622 ||  3407
Block: Kite shield       |       |    19 |    66 |   244 |   607 |  1448 |  1337 |  1640 |  1231 ||  6592
       Reflection        |       |       |       |       |       |   144 |    53 |       |       ||   197

Table legend: (Time is in decaauts)
 A = Elapsed time spent in this place.
 B = Non-inter-level travel time spent in this place.
 C = Inter-level travel time spent in this place.
 D = Time resting spent in this place.
 E = Time spent auto-exploring this place.
 F = Levels seen in this place.
 G = Mean time per level.
                   A        B        C        D        E       F      G
               +--------+--------+--------+--------+--------+-----+--------+
         Total |  68549 |  62997 |   5552 |  14772 |  29136 |  54 | 1269.4 |
       Dungeon |  16781 |  15102 |   1679 |   3411 |   7828 |  15 | 1118.7 |
        Temple |     26 |     26 |      0 |      0 |     10 |   1 |   26.0 |
          Lair |   9285 |   8282 |   1003 |   2363 |   3870 |   5 | 1857.0 |
        Shoals |   4604 |   4385 |    219 |    473 |   2573 |   4 | 1151.0 |
     Snake Pit |   9477 |   8798 |    679 |   3894 |   2593 |   4 | 2369.2 |
    Slime Pits |   1193 |   1158 |     35 |    204 |     94 |   5 |  238.6 |
  Orcish Mines |   2505 |   2182 |    323 |    708 |    882 |   2 | 1252.5 |
   Elven Halls |   4345 |   4100 |    245 |    666 |   2278 |   3 | 1448.3 |
        Vaults |   7226 |   6820 |    406 |     12 |   4497 |   5 | 1445.2 |
         Crypt |   5137 |   4288 |    849 |    270 |   2286 |   3 | 1712.3 |
          Tomb |   2034 |   1959 |     75 |    146 |    987 |   2 | 1017.0 |
        Depths |    934 |    899 |     35 |     32 |    449 |   2 |  467.0 |
      Ice Cave |   2281 |   2281 |      0 |   1599 |     26 |   1 | 2281.0 |
        Wizlab |    636 |    636 |      0 |    151 |    191 |   1 |  636.0 |
    Desolation |   2079 |   2079 |      0 |    843 |    572 |   1 | 2079.0 |
               +--------+--------+--------+--------+--------+-----+--------+

Top non-repeatable levels by time:
 Snake:1: 3767 daAuts
 Snake:3: 2728 daAuts
  Lair:2: 2477 daAuts
 Crypt:3: 2441 daAuts
   IceCv: 2281 daAuts
  Lair:5: 2126 daAuts
  Lair:3: 2120 daAuts
Desolation: 2079 daAuts
   Orc:2: 2021 daAuts
Vaults:5: 1905 daAuts
    D:11: 1881 daAuts
 Snake:4: 1873 daAuts
   Elf:2: 1767 daAuts
  Lair:4: 1710 daAuts
 Crypt:1: 1585 daAuts
